AoeStats
← jeffersonproel

Arena

511105221Analyzed
2v2 RM · 6h ago on Oct 3, 2026· 87m 51s· 4 players
Game mode
Random Map
Map size
Medium (4 player)
Population
200
Speed
Normal
Resources
Standard
Victory
Conquest
Starting age
Dark Age
Ending age
Imperial Age
RankedLock teamsTeams togetherTeam positionsShared explorationLock speedFull tech treeHidden civsTurbo modeCheats
Victory
Defeat
🇵🇪 Koreans · Peru
516
+14
🇦🇷 Persians · Argentina
459
+16
🇨🇴 Khmer · Colombia
516
-17
🇮🇪 Bulgarians · Ireland
413
-13
Pilchu
0:43 Loom
10:13 Feudal Age
17:18 Double-Bit Axe
20:37 Castle Age
19:23 Horse Collar
19:38 Gold Mining
27:33 Gambesons
27:09 Man-at-Arms
34:46 Husbandry
37:47 Long Swordsman
44:58 Heavy Plow
47:38 Squires
52:14 Imperial Age
49:57 Pikeman
50:55 Forging
52:09 Halberdier
55:28 Capped Ram
58:10 Chemistry
76:30 Cavalier
81:49 Savar
jeffersonproel
10:52 Feudal Age
15:53 Wheelbarrow
15:13 Double-Bit Axe
20:27 Stone Mining
20:28 Gold Mining
26:14 Castle Age
30:03 Hand Cart
31:50 Gold Shaft Mining
31:50 Bow Saw
32:05 Horse Collar
34:36 Heavy Plow
35:35 Pikeman
36:16 Squires
40:33 Imperial Age
37:57 Arson
38:27 Crossbowman
39:13 Thumb Ring
38:32 Elite Skirmisher
40:54 Stone Shaft Mining
41:07 Arbalester
42:42 Halberdier
50:56 Caravan
54:34 Man-at-Arms
56:33 Conscription
58:21 Long Swordsman
67:26 Scale Mail Armor
67:37 Forging
67:18 Fletching
66:58 Two-Handed Swordsman
67:42 Champion
87:37 Chain Mail Armor
87:57 Iron Casting
87:18 Bodkin Arrow
87:11 Town Watch
87:11 Loom
caalriac
9:09 Loom
11:00 Feudal Age
12:01 Horse Collar
13:09 Wheelbarrow
16:24 Double-Bit Axe
18:14 Gold Mining
19:34 Town Watch
21:10 Fletching
21:31 Forging
23:31 Castle Age
21:35 Stone Mining
23:18 Man-at-Arms
23:50 Arson
24:57 Heavy Plow
26:26 Bloodlines
25:36 Light Cavalry
26:17 Husbandry
28:21 Gold Shaft Mining
29:47 Town Patrol
34:26 Imperial Age
32:33 Elite Skirmisher
32:34 Crossbowman
35:12 Stone Shaft Mining
34:55 Bodkin Arrow
35:01 Padded Archer Armor
36:48 Hand Cart
36:55 Hand Cart
37:03 Pikeman
37:29 Arson
37:50 Bracer
38:26 Iron Casting
39:23 Murder Holes
41:28 Conscription
49:28 Cavalier
53:28 Bow Saw
53:54 Crop Rotation
54:03 Parthian Tactics
52:59 Heavy Cavalry Archer
55:25 Halberdier
pedrogragui
8:14 Loom
10:10 Feudal Age
11:29 Wheelbarrow
10:50 Double-Bit Axe
11:31 Horse Collar
12:26 Loom
20:01 Arson
22:23 Castle Age
21:41 Bloodlines
24:17 Husbandry
23:37 Light Cavalry
26:37 Hand Cart
27:20 Gambesons
27:36 Squires
27:50 Forging
45:36 Imperial Age
46:11 Town Watch
46:34 Scale Barding Armor
47:05 Iron Casting
46:34 Scale Mail Armor
47:25 Coinage
46:55 Caravan
47:18 Heavy Scorpion
47:26 Elite Konnik
48:27 Conscription
47:44 Cavalier
50:59 Bow Saw
50:54 Heavy Plow
52:32 Banking
68:08 Town Patrol
69:11 Chemistry
68:32 Ballistics
68:02 Heated Shot
68:23 Masonry
68:18 Siege Engineers
68:09 Murder Holes
68:05 Guard Tower
75:17 Chain Barding Armor
75:13 Chain Mail Armor
75:58 Blast Furnace
Connection lost

Rejoining the realm…

Still unreachable

The connection could not be restored.

Session expired

The server has moved on; the page needs a fresh start.